 Dungeon Crawl Stone Soup version 0.24-a0-715-g0b739ee41d (webtiles) character file.

Game seed: 4179346085075428560, levelgen mode: deterministic

7527 Engwar the Carver (level 10, -7/77 HPs)
             Began as a Minotaur Fighter on Sept 30, 2019.
             Was a High Priest of Zin.
             Mangled by a skeletal warrior
             ... wielding a cursed -2 long sword
             ... led by a death knight
              (14 damage)
             ... on level 10 of the Dungeon.
             The game lasted 00:27:37 (8496 turns).

Engwar the Carver (Minotaur Fighter)                Turns: 8496, Time: 00:27:44

Health: -7/77      AC: 14    Str: 23    XL:     10   Next: 95%
Magic:  17/17      EV:  4    Int:  5    God:    Zin [*****.]
Gold:   375        SH: 12    Dex: 17    Spells: 9/9 levels left

rFire    . . .     SeeInvis .   a - +5 scimitar (flame)
rCold    . . .     Gourm    .   c - +1 shield
rNeg     . . .     Faith    .   g - +0 plate armour
rPois    .         Spirit   .   (helmet restricted)
rElec    .         Reflect  .   x - scarf {repulsion}
rCorr    .         Harm     .   (no gloves)
MR       .....                  (no boots)
Stlth    ..........             (no amulet)
HPRegen  0.22/turn              i - +6 ring of dexterity
MPRegen  0.15/turn              t - +3 ring of protection

@: repel missiles
A: retaliatory headbutt, horns 2
a: Recite, Vitalisation, Imprison, Sanctuary, Donate Gold, Renounce Religion


You were on level 10 of the Dungeon.
You worshipped Zin.
Zin was extremely pleased with you.
You were not hungry.

You visited 1 branch of the dungeon, and saw 10 of its levels.

You collected 589 gold pieces.
You spent 156 gold pieces at shops.
You donated 58 gold pieces to Zin.

Inventory:

Hand Weapons
 a - a +5 scimitar of flaming (weapon)
 b - a +0 hunting sling of flaming
Missiles
 p - 54 poisoned darts (quivered)
 y - 12 sling bullets
Armour
 c - a +1 shield (worn)
 g - a +0 plate armour (worn)
 x - a scarf of repulsion (worn)
Jewellery
 i - a +6 ring of dexterity (left hand)
 t - a +3 ring of protection (right hand)
Wands
 e - a wand of iceblast (18)
Scrolls
 h - a scroll of remove curse
 m - a scroll of blinking
 u - 2 scrolls of teleportation
 A - a scroll of amnesia
Potions
 d - 3 potions of might
 j - 3 potions of mutation
 k - a potion of cancellation
 l - 3 potions of agility
 n - a potion of ambrosia
 o - a potion of magic {unknown}
 q - a potion of brilliance {unknown}
 r - 4 potions of curing
 s - a potion of heal wounds
 w - a potion of flight {unknown}
Miscellaneous
 v - a phantom mirror
Comestibles
 f - 18 rations


   Skills:
 - Level 3.6 Fighting
 - Level 14.0 Long Blades
 - Level 3.6 Armour
 + Level 5.1 Shields
 + Level 11.2 Invocations


You had 9 spell levels left.
You didn't know any spells.
Your spell library contained the following spells:

 Spells                   Type           Power        Failure   Level  Hunger
 Magic Dart               Conj           #...         100%        1    ##.....
 Sandblast                Erth           #.....       100%        1    ##.....
 Blink                    Tloc           N/A          100%        2    ###....
 Call Imp                 Summ           #.......     100%        2    ###....
 Passwall                 Tmut/Erth      #.......     100%        2    ###....
 Slow                     Hex            #.......     100%        2    ###....
 Conjure Flame            Conj/Fire      #.......     100%        3    ####...
 Mephitic Cloud           Conj/Pois/Air  #.......     100%        3    ####...
 Stone Arrow              Conj/Erth      #.....       100%        3    ####...
 Petrify                  Tmut/Erth      #.......     100%        4    #####..
 Lee's Rapid Deconstruct  Erth           #.........   100%        5    ######.


Dungeon Overview and Level Annotations

Branches:
Dungeon (10/15)            Temple (0/1) D:7            Lair (0/6) D:8
    Orc: D:9-12

Altars:
Gozag
Kikubaaqudgha
Makhleb
Nemelex Xobeh
Qazlal
Ru
Sif Muna
Trog
Vehumet
Xom
Yredelemnul
Zin

Shops:
D:7 !   D:9 }

Annotations:
D:2 Sigmund
D:4 1 runed translucent door, exclusion: door, 2BsUSBport's ghost, novice NaVM


Innate Abilities, Weirdness & Mutations

You reflexively headbutt those who attack you in melee.
You have a pair of horns on your head.


Message History

The phantasmal warrior stumbles about in disarray.
The wraith barely misses you.
You barely miss the wraith. The wraith hits you but does no damage.
You hit the wraith. You burn the wraith.
The wraith is lightly damaged. "...the altar, that judgement might be passed..."
The death knight is blasted by the fury of Zin!
The death knight is heavily wounded.
The death knight shouts!
The skeletal warrior is smitten by the wrath of Zin.
The skeletal warrior is moderately damaged.
The phantasmal warrior hits the death knight! "...upon those who were not loyal."
You finish reciting Ablutions 4:35.
The death knight hits you with a +0 great mace!!
* * * LOW HITPOINT WARNING * * *
The phantasmal warrior hits the death knight!!
The phantasmal warrior hits itself!!
The skeletal warrior hits you with a cursed -2 long sword!
You die...

#.# #. #)# ## #.# ###
#.####### ..# #.......#
#.########.############
#.###W...............#
#.((zpW.....########.#
#ยง###@###.#.# #.#
#.####.###.#.# #.# ...
#...##.#.# #.. .[p..
#...##.#.# ### ######
#.!.##.#.# ###
#.####.#.## ##.###.##
#.#..#
##.#.#...###.##.#
#.#..........(..#


You could see a death knight, a skeletal warrior, a phantasmal warrior
(confused) and a wraith (confused).

Vanquished Creatures
  2 two-headed ogres
  Erica (D:7)
  A wizard (D:10)
  A deep elf mage (D:10)
  A merfolk (D:10)
  A troll (D:10)
  A wyvern (D:9)
  3 yaks (D:9)
  A human (D:10)
  3 sky beasts
  An orc warrior (D:9)
  3 ice beasts
  A black bear (D:9)
  A phantom (D:4)
  2 ogres (D:7)
  A centaur (D:7)
  A big kobold (D:8)
  2 bullfrogs
  A gnoll sergeant (D:10)
  A wyvern zombie (D:7)
  4 scorpions
  A wyvern skeleton (D:9)
  4 killer bees (D:9)
  9 wights
  12 howler monkeys
  An electric eel (D:10)
  6 crimson imps
  2 quasits
  4 hounds
  3 orc priests (D:5)
  A bullfrog skeleton (D:6)
  3 orc wizards
  A gnoll shaman (D:7)
  Natasha (twice) (D:2)
  2 worker ants (D:7)
  A hound zombie (D:9)
  Robin (D:4)
  8 gnolls
  A howler monkey skeleton (D:5)
  8 adders
  2 shadow imps
  3 oozes
  2 adder skeletons
  4 worms
  3 dart slugs (D:1)
  9 leopard geckos
  12 orcs
  5 bats
  A bat zombie (D:4)
  6 giant cockroaches
  16 goblins
  10 hobgoblins
  12 jackals
  3 quokkas
  3 frilled lizards
  2 jackal skeletons
  5 kobolds
  2 leopard gecko skeletons
  A leopard gecko zombie (D:5)
  A quokka skeleton (D:5)
  3 rats (D:2)
208 creatures vanquished.

Notes
Turn   | Place    | Note
-------+----------+-------------------------------------------
     0 | D:1      | Engwar the Minotaur Fighter began the quest for the Orb.
     0 | D:1      | Reached XP level 1. HP: 19/19 MP: 0/0
    70 | D:1      | Reached skill level 3 in Long Blades
   186 | D:1      | Reached XP level 2. HP: 26/26 MP: 1/1
   468 | D:1      | Reached skill level 4 in Long Blades
   509 | D:1      | Reached XP level 3. HP: 24/31 MP: 2/2
  1060 | D:2      | Noticed Sigmund
  1371 | D:2      | Noticed Natasha
  1386 | D:2      | Killed Natasha
  1386 | D:2      | Reached skill level 5 in Long Blades
  1386 | D:2      | Reached XP level 4. HP: 23/39 MP: 3/3
  1838 | D:2      | Noticed Natasha
  1843 | D:2      | Killed Natasha
  1843 | D:2      | Reached skill level 6 in Long Blades
  2062 | D:3      | Found a shimmering altar of Xom.
  2062 | D:3      | Found a shimmering altar of Xom.
  2062 | D:3      | Found a shimmering altar of Xom.
  2188 | D:3      | Found a shimmering altar of Xom.
  2311 | D:3      | Reached XP level 5. HP: 37/45 MP: 4/4
  2765 | D:4      | Found a glowing silver altar of Zin.
  2788 | D:4      | Became a worshipper of Zin the Law-Giver
  2788 | D:4      | Reached * piety under Zin
  2812 | D:4      | Found a runed translucent door.
  2817 | D:4      | Noticed 2BsUSBport's ghost (novice NaVM)
  2825 | D:4      | Found a shimmering blue altar of Sif Muna.
  2924 | D:4      | Noticed Robin
  2942 | D:4      | Killed Robin
  2985 | D:4      | Reached skill level 7 in Long Blades
  2985 | D:4      | Reached skill level 1 in Invocations
  3088 | D:4      | Found an ancient bone altar of Kikubaaqudgha.
  3143 | D:4      | Reached XP level 6. HP: 39/51 MP: 6/6
  3244 | D:4      | Found a stormy altar of Qazlal.
  3489 | D:5      | Entered Level 5 of the Dungeon
  3592 | D:5      | Reached skill level 8 in Long Blades
  3699 | D:5      | Found a sacrificial altar of Ru.
  3713 | D:5      | Reached ** piety under Zin
  3736 | D:5      | Reached XP level 7. HP: 54/57 MP: 8/8
  4377 | D:6      | Found an opulent altar of Gozag.
  4570 | D:6      | Found a bloodstained altar of Trog.
  4750 | D:6      | Reached skill level 9 in Long Blades
  5288 | D:7      | Reached skill level 5 in Invocations
  5292 | D:7      | Reached XP level 8. HP: 59/64 MP: 10/10
  5446 | D:7      | Reached *** piety under Zin
  5460 | D:7      | Found a staircase to the Ecumenical Temple.
  5474 | D:7      | Found Gunkin's Distillery.
  5504 | D:7      | Bought 2 potions of degeneration for 26 gold pieces
  5504 | D:7      | Bought 2 potions of heal wounds for 130 gold pieces
  5585 | D:7      | Reached skill level 10 in Long Blades
  5876 | D:7      | Found a burning altar of Makhleb.
  6019 | D:7      | Reached **** piety under Zin
  6244 | D:8      | Noticed Erica
  6262 | D:7      | HP: 2/64 [Erica/orb of energy (27)]
  6265 | D:7      | Killed Erica
  6265 | D:7      | Reached skill level 11 in Long Blades
  6265 | D:7      | Reached XP level 9. HP: 36/70 MP: 13/13
  6483 | D:8      | Noticed a two-headed ogre
  6489 | D:7      | Reached skill level 12 in Long Blades
  6696 | D:8      | Killed a two-headed ogre
  6985 | D:8      | Found a basalt altar of Yredelemnul.
  7067 | D:8      | Found a staircase to the Lair.
  7139 | D:9      | Found Giocy's Gadget Emporium.
  7166 | D:9      | Found a sparkling altar of Nemelex Xobeh.
  7185 | D:9      | Reached XP level 10. HP: 51/77 MP: 16/16
  7268 | D:9      | Reached skill level 13 in Long Blades
  7278 | D:9      | Reached ***** piety under Zin
  7345 | D:9      | Found a radiant altar of Vehumet.
  7502 | D:9      | Reached skill level 10 in Invocations
  7690 | D:9      | Found the +6 Majin-Bo {vamp, Archmagi MP+6 Int+6}
  7759 | D:10     | Entered Level 10 of the Dungeon
  7759 | D:10     | Noticed a wizard
  7772 | D:10     | Killed a wizard
  8002 | D:10     | Reached skill level 14 in Long Blades
  8009 | D:10     | Noticed a deep elf mage
  8020 | D:10     | Killed a deep elf mage
  8081 | D:10     | Noticed a two-headed ogre
  8092 | D:10     | Killed a two-headed ogre
  8092 | D:10     | Reached skill level 5 in Shields
  8476 | D:10     | Noticed a death knight
  8488 | D:10     | Noticed a phantasmal warrior
  8489 | D:10     | Noticed a skeletal warrior
  8496 | D:10     | Mangled by a skeletal warrior

Levels and vault maps discovered:
D:1:      elethiomel_arrival_infinity_welcomes_careful_drivers, layout_basic,
          minivault_11
D:2:      layout_basic, corexii_leaking_fountain, minmay_tree_intersection,
          kennysheep_generic_room_12, uniq_sigmund, uniq_natasha
D:3:      layout_basic, xom_redecorated
D:4:      layout_rooms, led_sif_book, zin_statuary, kennysheep_little_box,
          lemuel_zombie_altar_kikubaaqudgha, ebering_ghost_sewer_d,
          first_ration, kennysheep_generic_room_15, uniq_robin
D:5:      layout_loops_ring, kennysheep_mini, hangedman_abyss_or_decor_stagger
D:6:      layout_loops_corners, grunt_gozag_statues, kennysheep_mini_moat
D:7:      layout_loops_cross, lightli_temple_of_fire, minmay_temple_entry_waves,
          serial_shops, shop
D:8:      layout_rooms, lemuel_round_altar, lair_entry_dummy, uniq_erica
D:9:      layout_irregular_city, overflow_temple_1_default,
          lemuel_crystal_altar, serial_shops, shop_fountains
D:10:     layout_loops_ring, minivault_14, hangedman_stone_soup,
          serial_bayou_pond_c

Skill      XL: |  1  2  3  4  5  6  7  8  9 10 |
---------------+-------------------------------+-----
Long Blades    | 3 4 5 6 7 8 9 11 12 14 | 14.0
Invocations    | 2 3 5 7 9 11 | 11.2
Shields        | 5 |  5.1
Fighting       | |  3.6
Armour         | |  3.6

Action                   |  1- 3 |  4- 6 |  7- 9 | 10-12 || total
-------------------------+-------+-------+-------+-------++-------
Melee: Long sword        |    97 |   170 |   175 |       ||   442
       Headbutt          |    13 |    41 |    73 |    34 ||   161
       Scimitar          |       |       |    77 |   133 ||   210
 Fire: Hunting sling     |       |       |       |     3 ||     3
Throw: Dart              |       |       |       |     2 ||     2
Invok: Recite            |       |       |     5 |     3 ||     8
  Use: Scroll            |       |    13 |     6 |     3 ||    22
       Potion            |       |       |     3 |       ||     3
  Eat: Chunk             |     2 |     6 |     2 |     1 ||    11
       Ration            |       |     1 |     2 |     1 ||     4
Armor: Chain mail        |    59 |    76 |   104 |       ||   239
       Scale mail        |     1 |       |       |       ||     1
       Plate armour      |       |       |     3 |    56 ||    59
Dodge: Dodged            |    29 |    26 |    47 |    13 ||   115
       Deflected         |       |       |     3 |       ||     3
Block: Shield            |    60 |    83 |   118 |    57 ||   318
       Rpst.: Long sword |     8 |     4 |    10 |       ||    22
       Scimitar          |       |       |     3 |     4 ||     7

Table legend:
 A = Non-vault XP
 B = Vault XP
 C = Vault XP percentage of total XP
 D = Non-vault monster count
 E = Vault monster count
 F = Vault count percentage of total count
                 A         B        C        D         E       F
            +---------+---------+-------+---------+---------+-------
      Total |    8847 |    1906 |  17.7 |     187 |      21 |  10.1
            +---------+---------+-------+---------+---------+-------
        D:1 |      57 |       0 |   0.0 |      26 |       0 |   0.0
        D:2 |      54 |      38 |  41.3 |      11 |       3 |  21.4
        D:3 |      83 |       0 |   0.0 |      19 |       0 |   0.0
        D:4 |     325 |      39 |  10.7 |      12 |      13 |  52.0
        D:5 |     348 |       0 |   0.0 |      23 |       0 |   0.0
        D:6 |     326 |       0 |   0.0 |       9 |       0 |   0.0
        D:7 |    1465 |     870 |  37.3 |      31 |       1 |   3.1
        D:8 |    1630 |       0 |   0.0 |      15 |       0 |   0.0
        D:9 |    1782 |       0 |   0.0 |      21 |       0 |   0.0
       D:10 |    2777 |     959 |  25.7 |      20 |       4 |  16.7
            +---------+---------+-------+---------+---------+-------
